Workbook

Sheet Breakeven Calculation
F1: Company Risk | G1: Cost of equity
A2: Market Cap to match (in millions) = | B2: 5000000 | F2: D1. High risk | G2: 0.12
F3: D2. Above-average risk | G3: 0.09
A4: Generic inputs (for the typical US firm, in US dollars, but you can change them) | F4: D3. Average risk | G4: 0.08
A5: Riskiness of company = | B5: D2. Above-average risk | F5: D4. Below-average risk | G5: 0.07
A6: Cost of equity = | B6: =VLOOKUP(B5,F2:G7,2) -> 0.09 | C6: Do not input | F6: D5. Low risk | G6: 0.06
A7: Inflation rate = | B7: 0.025 | F7: D6. Direct input | G7: 0.1
A8: Stable nominal growth rate (economy) = | B8: 0.04 | H8: (You can enter any number you want here)
A10: Your company's inputs
A11: Net margin = | B11: 0.5241
A12: Return on equity = | B12: 0.4
A14: Breakeven Revenue if mature today = | B14: =B2/(B11*(1+B8)*(1-B8/B12)/(B6-B8)) -> 509624.15
A16: If you are still in growth mode and need to wait to get to maturity
A17: Number of years before maturity = | B17: 5
A18: Average cash yield during growth = | B18: 0.02
A19: Breakeven Revenue with wait = | B19: =B14*(1+B6-B18)^B17 -> 714774.23

Sheet Revenue Sensitivity Table
C2: Return on equity (steady state)
B3: Net Margin (steady state) | C3: 0.1 | D3: 0.15 | E3: 0.2 | F3: 0.25 | G3: 0.3 | H3: 0.35 | I3: 0.4 | J3: 0.5
B4: 0.05 | C4: ='Breakeven Calculation'!$B$2/('Revenue Sensitivity Table'!$B4*(1+'Breakeven Calculation'!$B$8)*(1-'Breakeven Calculation'!$B$8/C$3)/('Breakeven Calculation'!$B$6-'Breakeven Calculation'!$B$8)) -> 8012820.5 | D4: ='Breakeven Calculation'!$B$2/('Revenue Sensitivity Table'!$B4*(1+'Breakeven Calculation'!$B$8)*(1-'Breakeven Calculation'!$B$8/D$3)/('Breakeven Calculation'!$B$6-'Breakeven Calculation'!$B$8)) -> 6555944.1 | E4: ='Breakeven Calculation'!$B$2/('Revenue Sensitivity Table'!$B4*(1+'Breakeven Calculation'!$B$8)*(1-'Breakeven Calculation'!$B$8/E$3)/('Breakeven Calculation'!$B$6-'Breakeven Calculation'!$B$8)) -> 6009615.4 | F4: ='Breakeven Calculation'!$B$2/('Revenue Sensitivity Table'!$B4*(1+'Breakeven Calculation'!$B$8)*(1-'Breakeven Calculation'!$B$8/F$3)/('Breakeven Calculation'!$B$6-'Breakeven Calculation'!$B$8)) -> 5723443.2 | G4: ='Breakeven Calculation'!$B$2/('Revenue Sensitivity Table'!$B4*(1+'Breakeven Calculation'!$B$8)*(1-'Breakeven Calculation'!$B$8/G$3)/('Breakeven Calculation'!$B$6-'Breakeven Calculation'!$B$8)) -> 5547337.3 | H4: ='Breakeven Calculation'!$B$2/('Revenue Sensitivity Table'!$B4*(1+'Breakeven Calculation'!$B$8)*(1-'Breakeven Calculation'!$B$8/H$3)/('Breakeven Calculation'!$B$6-'Breakeven Calculation'!$B$8)) -> 5428039.7 | I4: ='Breakeven Calculation'!$B$2/('Revenue Sensitivity Table'!$B4*(1+'Breakeven Calculation'!$B$8)*(1-'Breakeven Calculation'!$B$8/I$3)/('Breakeven Calculation'!$B$6-'Breakeven Calculation'!$B$8)) -> 5341880.3 | J4: ='Breakeven Calculation'!$B$2/('Revenue Sensitivity Table'!$B4*(1+'Breakeven Calculation'!$B$8)*(1-'Breakeven Calculation'!$B$8/J$3)/('Breakeven Calculation'!$B$6-'Breakeven Calculation'!$B$8)) -> 5225752.5
B5: 0.1 | C5: ='Breakeven Calculation'!$B$2/('Revenue Sensitivity Table'!$B5*(1+'Breakeven Calculation'!$B$8)*(1-'Breakeven Calculation'!$B$8/C$3)/('Breakeven Calculation'!$B$6-'Breakeven Calculation'!$B$8)) -> 4006410.3 | D5: ='Breakeven Calculation'!$B$2/('Revenue Sensitivity Table'!$B5*(1+'Breakeven Calculation'!$B$8)*(1-'Breakeven Calculation'!$B$8/D$3)/('Breakeven Calculation'!$B$6-'Breakeven Calculation'!$B$8)) -> 3277972 | E5: ='Breakeven Calculation'!$B$2/('Revenue Sensitivity Table'!$B5*(1+'Breakeven Calculation'!$B$8)*(1-'Breakeven Calculation'!$B$8/E$3)/('Breakeven Calculation'!$B$6-'Breakeven Calculation'!$B$8)) -> 3004807.7 | F5: ='Breakeven Calculation'!$B$2/('Revenue Sensitivity Table'!$B5*(1+'Breakeven Calculation'!$B$8)*(1-'Breakeven Calculation'!$B$8/F$3)/('Breakeven Calculation'!$B$6-'Breakeven Calculation'!$B$8)) -> 2861721.6 | G5: ='Breakeven Calculation'!$B$2/('Revenue Sensitivity Table'!$B5*(1+'Breakeven Calculation'!$B$8)*(1-'Breakeven Calculation'!$B$8/G$3)/('Breakeven Calculation'!$B$6-'Breakeven Calculation'!$B$8)) -> 2773668.6 | H5: ='Breakeven Calculation'!$B$2/('Revenue Sensitivity Table'!$B5*(1+'Breakeven Calculation'!$B$8)*(1-'Breakeven Calculation'!$B$8/H$3)/('Breakeven Calculation'!$B$6-'Breakeven Calculation'!$B$8)) -> 2714019.9 | I5: ='Breakeven Calculation'!$B$2/('Revenue Sensitivity Table'!$B5*(1+'Breakeven Calculation'!$B$8)*(1-'Breakeven Calculation'!$B$8/I$3)/('Breakeven Calculation'!$B$6-'Breakeven Calculation'!$B$8)) -> 2670940.2 | J5: ='Breakeven Calculation'!$B$2/('Revenue Sensitivity Table'!$B5*(1+'Breakeven Calculation'!$B$8)*(1-'Breakeven Calculation'!$B$8/J$3)/('Breakeven Calculation'!$B$6-'Breakeven Calculation'!$B$8)) -> 2612876.3
B6: 0.15 | C6: ='Breakeven Calculation'!$B$2/('Revenue Sensitivity Table'!$B6*(1+'Breakeven Calculation'!$B$8)*(1-'Breakeven Calculation'!$B$8/C$3)/('Breakeven Calculation'!$B$6-'Breakeven Calculation'!$B$8)) -> 2670940.2 | D6: ='Breakeven Calculation'!$B$2/('Revenue Sensitivity Table'!$B6*(1+'Breakeven Calculation'!$B$8)*(1-'Breakeven Calculation'!$B$8/D$3)/('Breakeven Calculation'!$B$6-'Breakeven Calculation'!$B$8)) -> 2185314.7 | E6: ='Breakeven Calculation'!$B$2/('Revenue Sensitivity Table'!$B6*(1+'Breakeven Calculation'!$B$8)*(1-'Breakeven Calculation'!$B$8/E$3)/('Breakeven Calculation'!$B$6-'Breakeven Calculation'!$B$8)) -> 2003205.1 | F6: ='Breakeven Calculation'!$B$2/('Revenue Sensitivity Table'!$B6*(1+'Breakeven Calculation'!$B$8)*(1-'Breakeven Calculation'!$B$8/F$3)/('Breakeven Calculation'!$B$6-'Breakeven Calculation'!$B$8)) -> 1907814.4 | G6: ='Breakeven Calculation'!$B$2/('Revenue Sensitivity Table'!$B6*(1+'Breakeven Calculation'!$B$8)*(1-'Breakeven Calculation'!$B$8/G$3)/('Breakeven Calculation'!$B$6-'Breakeven Calculation'!$B$8)) -> 1849112.4 | H6: ='Breakeven Calculation'!$B$2/('Revenue Sensitivity Table'!$B6*(1+'Breakeven Calculation'!$B$8)*(1-'Breakeven Calculation'!$B$8/H$3)/('Breakeven Calculation'!$B$6-'Breakeven Calculation'!$B$8)) -> 1809346.6 | I6: ='Breakeven Calculation'!$B$2/('Revenue Sensitivity Table'!$B6*(1+'Breakeven Calculation'!$B$8)*(1-'Breakeven Calculation'!$B$8/I$3)/('Breakeven Calculation'!$B$6-'Breakeven Calculation'!$B$8)) -> 1780626.8 | J6: ='Breakeven Calculation'!$B$2/('Revenue Sensitivity Table'!$B6*(1+'Breakeven Calculation'!$B$8)*(1-'Breakeven Calculation'!$B$8/J$3)/('Breakeven Calculation'!$B$6-'Breakeven Calculation'!$B$8)) -> 1741917.5
B7: 0.2 | C7: ='Breakeven Calculation'!$B$2/('Revenue Sensitivity Table'!$B7*(1+'Breakeven Calculation'!$B$8)*(1-'Breakeven Calculation'!$B$8/C$3)/('Breakeven Calculation'!$B$6-'Breakeven Calculation'!$B$8)) -> 2003205.1 | D7: ='Breakeven Calculation'!$B$2/('Revenue Sensitivity Table'!$B7*(1+'Breakeven Calculation'!$B$8)*(1-'Breakeven Calculation'!$B$8/D$3)/('Breakeven Calculation'!$B$6-'Breakeven Calculation'!$B$8)) -> 1638986 | E7: ='Breakeven Calculation'!$B$2/('Revenue Sensitivity Table'!$B7*(1+'Breakeven Calculation'!$B$8)*(1-'Breakeven Calculation'!$B$8/E$3)/('Breakeven Calculation'!$B$6-'Breakeven Calculation'!$B$8)) -> 1502403.8 | F7: ='Breakeven Calculation'!$B$2/('Revenue Sensitivity Table'!$B7*(1+'Breakeven Calculation'!$B$8)*(1-'Breakeven Calculation'!$B$8/F$3)/('Breakeven Calculation'!$B$6-'Breakeven Calculation'!$B$8)) -> 1430860.8 | G7: ='Breakeven Calculation'!$B$2/('Revenue Sensitivity Table'!$B7*(1+'Breakeven Calculation'!$B$8)*(1-'Breakeven Calculation'!$B$8/G$3)/('Breakeven Calculation'!$B$6-'Breakeven Calculation'!$B$8)) -> 1386834.3 | H7: ='Breakeven Calculation'!$B$2/('Revenue Sensitivity Table'!$B7*(1+'Breakeven Calculation'!$B$8)*(1-'Breakeven Calculation'!$B$8/H$3)/('Breakeven Calculation'!$B$6-'Breakeven Calculation'!$B$8)) -> 1357009.9 | I7: ='Breakeven Calculation'!$B$2/('Revenue Sensitivity Table'!$B7*(1+'Breakeven Calculation'!$B$8)*(1-'Breakeven Calculation'!$B$8/I$3)/('Breakeven Calculation'!$B$6-'Breakeven Calculation'!$B$8)) -> 1335470.1 | J7: ='Breakeven Calculation'!$B$2/('Revenue Sensitivity Table'!$B7*(1+'Breakeven Calculation'!$B$8)*(1-'Breakeven Calculation'!$B$8/J$3)/('Breakeven Calculation'!$B$6-'Breakeven Calculation'!$B$8)) -> 1306438.1
B8: 0.25 | C8: ='Breakeven Calculation'!$B$2/('Revenue Sensitivity Table'!$B8*(1+'Breakeven Calculation'!$B$8)*(1-'Breakeven Calculation'!$B$8/C$3)/('Breakeven Calculation'!$B$6-'Breakeven Calculation'!$B$8)) -> 1602564.1 | D8: ='Breakeven Calculation'!$B$2/('Revenue Sensitivity Table'!$B8*(1+'Breakeven Calculation'!$B$8)*(1-'Breakeven Calculation'!$B$8/D$3)/('Breakeven Calculation'!$B$6-'Breakeven Calculation'!$B$8)) -> 1311188.8 | E8: ='Breakeven Calculation'!$B$2/('Revenue Sensitivity Table'!$B8*(1+'Breakeven Calculation'!$B$8)*(1-'Breakeven Calculation'!$B$8/E$3)/('Breakeven Calculation'!$B$6-'Breakeven Calculation'!$B$8)) -> 1201923.1 | F8: ='Breakeven Calculation'!$B$2/('Revenue Sensitivity Table'!$B8*(1+'Breakeven Calculation'!$B$8)*(1-'Breakeven Calculation'!$B$8/F$3)/('Breakeven Calculation'!$B$6-'Breakeven Calculation'!$B$8)) -> 1144688.6 | G8: ='Breakeven Calculation'!$B$2/('Revenue Sensitivity Table'!$B8*(1+'Breakeven Calculation'!$B$8)*(1-'Breakeven Calculation'!$B$8/G$3)/('Breakeven Calculation'!$B$6-'Breakeven Calculation'!$B$8)) -> 1109467.5 | H8: ='Breakeven Calculation'!$B$2/('Revenue Sensitivity Table'!$B8*(1+'Breakeven Calculation'!$B$8)*(1-'Breakeven Calculation'!$B$8/H$3)/('Breakeven Calculation'!$B$6-'Breakeven Calculation'!$B$8)) -> 1085607.9 | I8: ='Breakeven Calculation'!$B$2/('Revenue Sensitivity Table'!$B8*(1+'Breakeven Calculation'!$B$8)*(1-'Breakeven Calculation'!$B$8/I$3)/('Breakeven Calculation'!$B$6-'Breakeven Calculation'!$B$8)) -> 1068376.1 | J8: ='Breakeven Calculation'!$B$2/('Revenue Sensitivity Table'!$B8*(1+'Breakeven Calculation'!$B$8)*(1-'Breakeven Calculation'!$B$8/J$3)/('Breakeven Calculation'!$B$6-'Breakeven Calculation'!$B$8)) -> 1045150.5
B9: 0.3 | C9: ='Breakeven Calculation'!$B$2/('Revenue Sensitivity Table'!$B9*(1+'Breakeven Calculation'!$B$8)*(1-'Breakeven Calculation'!$B$8/C$3)/('Breakeven Calculation'!$B$6-'Breakeven Calculation'!$B$8)) -> 1335470.1 | D9: ='Breakeven Calculation'!$B$2/('Revenue Sensitivity Table'!$B9*(1+'Breakeven Calculation'!$B$8)*(1-'Breakeven Calculation'!$B$8/D$3)/('Breakeven Calculation'!$B$6-'Breakeven Calculation'!$B$8)) -> 1092657.3 | E9: ='Breakeven Calculation'!$B$2/('Revenue Sensitivity Table'!$B9*(1+'Breakeven Calculation'!$B$8)*(1-'Breakeven Calculation'!$B$8/E$3)/('Breakeven Calculation'!$B$6-'Breakeven Calculation'!$B$8)) -> 1001602.6 | F9: ='Breakeven Calculation'!$B$2/('Revenue Sensitivity Table'!$B9*(1+'Breakeven Calculation'!$B$8)*(1-'Breakeven Calculation'!$B$8/F$3)/('Breakeven Calculation'!$B$6-'Breakeven Calculation'!$B$8)) -> 953907.2 | G9: ='Breakeven Calculation'!$B$2/('Revenue Sensitivity Table'!$B9*(1+'Breakeven Calculation'!$B$8)*(1-'Breakeven Calculation'!$B$8/G$3)/('Breakeven Calculation'!$B$6-'Breakeven Calculation'!$B$8)) -> 924556.21 | H9: ='Breakeven Calculation'!$B$2/('Revenue Sensitivity Table'!$B9*(1+'Breakeven Calculation'!$B$8)*(1-'Breakeven Calculation'!$B$8/H$3)/('Breakeven Calculation'!$B$6-'Breakeven Calculation'!$B$8)) -> 904673.28 | I9: ='Breakeven Calculation'!$B$2/('Revenue Sensitivity Table'!$B9*(1+'Breakeven Calculation'!$B$8)*(1-'Breakeven Calculation'!$B$8/I$3)/('Breakeven Calculation'!$B$6-'Breakeven Calculation'!$B$8)) -> 890313.39 | J9: ='Breakeven Calculation'!$B$2/('Revenue Sensitivity Table'!$B9*(1+'Breakeven Calculation'!$B$8)*(1-'Breakeven Calculation'!$B$8/J$3)/('Breakeven Calculation'!$B$6-'Breakeven Calculation'!$B$8)) -> 870958.75
B10: 0.35 | C10: ='Breakeven Calculation'!$B$2/('Revenue Sensitivity Table'!$B10*(1+'Breakeven Calculation'!$B$8)*(1-'Breakeven Calculation'!$B$8/C$3)/('Breakeven Calculation'!$B$6-'Breakeven Calculation'!$B$8)) -> 1144688.6 | D10: ='Breakeven Calculation'!$B$2/('Revenue Sensitivity Table'!$B10*(1+'Breakeven Calculation'!$B$8)*(1-'Breakeven Calculation'!$B$8/D$3)/('Breakeven Calculation'!$B$6-'Breakeven Calculation'!$B$8)) -> 936563.44 | E10: ='Breakeven Calculation'!$B$2/('Revenue Sensitivity Table'!$B10*(1+'Breakeven Calculation'!$B$8)*(1-'Breakeven Calculation'!$B$8/E$3)/('Breakeven Calculation'!$B$6-'Breakeven Calculation'!$B$8)) -> 858516.48 | F10: ='Breakeven Calculation'!$B$2/('Revenue Sensitivity Table'!$B10*(1+'Breakeven Calculation'!$B$8)*(1-'Breakeven Calculation'!$B$8/F$3)/('Breakeven Calculation'!$B$6-'Breakeven Calculation'!$B$8)) -> 817634.75 | G10: ='Breakeven Calculation'!$B$2/('Revenue Sensitivity Table'!$B10*(1+'Breakeven Calculation'!$B$8)*(1-'Breakeven Calculation'!$B$8/G$3)/('Breakeven Calculation'!$B$6-'Breakeven Calculation'!$B$8)) -> 792476.75 | H10: ='Breakeven Calculation'!$B$2/('Revenue Sensitivity Table'!$B10*(1+'Breakeven Calculation'!$B$8)*(1-'Breakeven Calculation'!$B$8/H$3)/('Breakeven Calculation'!$B$6-'Breakeven Calculation'!$B$8)) -> 775434.24 | I10: ='Breakeven Calculation'!$B$2/('Revenue Sensitivity Table'!$B10*(1+'Breakeven Calculation'!$B$8)*(1-'Breakeven Calculation'!$B$8/I$3)/('Breakeven Calculation'!$B$6-'Breakeven Calculation'!$B$8)) -> 763125.76 | J10: ='Breakeven Calculation'!$B$2/('Revenue Sensitivity Table'!$B10*(1+'Breakeven Calculation'!$B$8)*(1-'Breakeven Calculation'!$B$8/J$3)/('Breakeven Calculation'!$B$6-'Breakeven Calculation'!$B$8)) -> 746536.07
B11: 0.4 | C11: ='Breakeven Calculation'!$B$2/('Revenue Sensitivity Table'!$B11*(1+'Breakeven Calculation'!$B$8)*(1-'Breakeven Calculation'!$B$8/C$3)/('Breakeven Calculation'!$B$6-'Breakeven Calculation'!$B$8)) -> 1001602.6 | D11: ='Breakeven Calculation'!$B$2/('Revenue Sensitivity Table'!$B11*(1+'Breakeven Calculation'!$B$8)*(1-'Breakeven Calculation'!$B$8/D$3)/('Breakeven Calculation'!$B$6-'Breakeven Calculation'!$B$8)) -> 819493.01 | E11: ='Breakeven Calculation'!$B$2/('Revenue Sensitivity Table'!$B11*(1+'Breakeven Calculation'!$B$8)*(1-'Breakeven Calculation'!$B$8/E$3)/('Breakeven Calculation'!$B$6-'Breakeven Calculation'!$B$8)) -> 751201.92 | F11: ='Breakeven Calculation'!$B$2/('Revenue Sensitivity Table'!$B11*(1+'Breakeven Calculation'!$B$8)*(1-'Breakeven Calculation'!$B$8/F$3)/('Breakeven Calculation'!$B$6-'Breakeven Calculation'!$B$8)) -> 715430.4 | G11: ='Breakeven Calculation'!$B$2/('Revenue Sensitivity Table'!$B11*(1+'Breakeven Calculation'!$B$8)*(1-'Breakeven Calculation'!$B$8/G$3)/('Breakeven Calculation'!$B$6-'Breakeven Calculation'!$B$8)) -> 693417.16 | H11: ='Breakeven Calculation'!$B$2/('Revenue Sensitivity Table'!$B11*(1+'Breakeven Calculation'!$B$8)*(1-'Breakeven Calculation'!$B$8/H$3)/('Breakeven Calculation'!$B$6-'Breakeven Calculation'!$B$8)) -> 678504.96 | I11: ='Breakeven Calculation'!$B$2/('Revenue Sensitivity Table'!$B11*(1+'Breakeven Calculation'!$B$8)*(1-'Breakeven Calculation'!$B$8/I$3)/('Breakeven Calculation'!$B$6-'Breakeven Calculation'!$B$8)) -> 667735.04 | J11: ='Breakeven Calculation'!$B$2/('Revenue Sensitivity Table'!$B11*(1+'Breakeven Calculation'!$B$8)*(1-'Breakeven Calculation'!$B$8/J$3)/('Breakeven Calculation'!$B$6-'Breakeven Calculation'!$B$8)) -> 653219.06
B12: 0.45 | C12: ='Breakeven Calculation'!$B$2/('Revenue Sensitivity Table'!$B12*(1+'Breakeven Calculation'!$B$8)*(1-'Breakeven Calculation'!$B$8/C$3)/('Breakeven Calculation'!$B$6-'Breakeven Calculation'!$B$8)) -> 890313.39 | D12: ='Breakeven Calculation'!$B$2/('Revenue Sensitivity Table'!$B12*(1+'Breakeven Calculation'!$B$8)*(1-'Breakeven Calculation'!$B$8/D$3)/('Breakeven Calculation'!$B$6-'Breakeven Calculation'!$B$8)) -> 728438.23 | E12: ='Breakeven Calculation'!$B$2/('Revenue Sensitivity Table'!$B12*(1+'Breakeven Calculation'!$B$8)*(1-'Breakeven Calculation'!$B$8/E$3)/('Breakeven Calculation'!$B$6-'Breakeven Calculation'!$B$8)) -> 667735.04 | F12: ='Breakeven Calculation'!$B$2/('Revenue Sensitivity Table'!$B12*(1+'Breakeven Calculation'!$B$8)*(1-'Breakeven Calculation'!$B$8/F$3)/('Breakeven Calculation'!$B$6-'Breakeven Calculation'!$B$8)) -> 635938.14 | G12: ='Breakeven Calculation'!$B$2/('Revenue Sensitivity Table'!$B12*(1+'Breakeven Calculation'!$B$8)*(1-'Breakeven Calculation'!$B$8/G$3)/('Breakeven Calculation'!$B$6-'Breakeven Calculation'!$B$8)) -> 616370.81 | H12: ='Breakeven Calculation'!$B$2/('Revenue Sensitivity Table'!$B12*(1+'Breakeven Calculation'!$B$8)*(1-'Breakeven Calculation'!$B$8/H$3)/('Breakeven Calculation'!$B$6-'Breakeven Calculation'!$B$8)) -> 603115.52 | I12: ='Breakeven Calculation'!$B$2/('Revenue Sensitivity Table'!$B12*(1+'Breakeven Calculation'!$B$8)*(1-'Breakeven Calculation'!$B$8/I$3)/('Breakeven Calculation'!$B$6-'Breakeven Calculation'!$B$8)) -> 593542.26 | J12: ='Breakeven Calculation'!$B$2/('Revenue Sensitivity Table'!$B12*(1+'Breakeven Calculation'!$B$8)*(1-'Breakeven Calculation'!$B$8/J$3)/('Breakeven Calculation'!$B$6-'Breakeven Calculation'!$B$8)) -> 580639.17
B13: 0.5 | C13: ='Breakeven Calculation'!$B$2/('Revenue Sensitivity Table'!$B13*(1+'Breakeven Calculation'!$B$8)*(1-'Breakeven Calculation'!$B$8/C$3)/('Breakeven Calculation'!$B$6-'Breakeven Calculation'!$B$8)) -> 801282.05 | D13: ='Breakeven Calculation'!$B$2/('Revenue Sensitivity Table'!$B13*(1+'Breakeven Calculation'!$B$8)*(1-'Breakeven Calculation'!$B$8/D$3)/('Breakeven Calculation'!$B$6-'Breakeven Calculation'!$B$8)) -> 655594.41 | E13: ='Breakeven Calculation'!$B$2/('Revenue Sensitivity Table'!$B13*(1+'Breakeven Calculation'!$B$8)*(1-'Breakeven Calculation'!$B$8/E$3)/('Breakeven Calculation'!$B$6-'Breakeven Calculation'!$B$8)) -> 600961.54 | F13: ='Breakeven Calculation'!$B$2/('Revenue Sensitivity Table'!$B13*(1+'Breakeven Calculation'!$B$8)*(1-'Breakeven Calculation'!$B$8/F$3)/('Breakeven Calculation'!$B$6-'Breakeven Calculation'!$B$8)) -> 572344.32 | G13: ='Breakeven Calculation'!$B$2/('Revenue Sensitivity Table'!$B13*(1+'Breakeven Calculation'!$B$8)*(1-'Breakeven Calculation'!$B$8/G$3)/('Breakeven Calculation'!$B$6-'Breakeven Calculation'!$B$8)) -> 554733.73 | H13: ='Breakeven Calculation'!$B$2/('Revenue Sensitivity Table'!$B13*(1+'Breakeven Calculation'!$B$8)*(1-'Breakeven Calculation'!$B$8/H$3)/('Breakeven Calculation'!$B$6-'Breakeven Calculation'!$B$8)) -> 542803.97 | I13: ='Breakeven Calculation'!$B$2/('Revenue Sensitivity Table'!$B13*(1+'Breakeven Calculation'!$B$8)*(1-'Breakeven Calculation'!$B$8/I$3)/('Breakeven Calculation'!$B$6-'Breakeven Calculation'!$B$8)) -> 534188.03 | J13: ='Breakeven Calculation'!$B$2/('Revenue Sensitivity Table'!$B13*(1+'Breakeven Calculation'!$B$8)*(1-'Breakeven Calculation'!$B$8/J$3)/('Breakeven Calculation'!$B$6-'Breakeven Calculation'!$B$8)) -> 522575.25

Sheet Waiting Table
D2: Average annual cash yield during waiting period
D3: -0.05 | E3: -0.025 | F3: 0 | G3: 0.01 | H3: 0.02 | I3: 0.03 | J3: 0.04
B4: Number of years before maturity | C4: 0 | D4: ='Breakeven Calculation'!$B$14*(1+'Breakeven Calculation'!$B$6-'Waiting Table'!D$3)^$C4 -> 509624.15 | E4: ='Breakeven Calculation'!$B$14*(1+'Breakeven Calculation'!$B$6-'Waiting Table'!E$3)^$C4 -> 509624.15 | F4: ='Breakeven Calculation'!$B$14*(1+'Breakeven Calculation'!$B$6-'Waiting Table'!F$3)^$C4 -> 509624.15 | G4: ='Breakeven Calculation'!$B$14*(1+'Breakeven Calculation'!$B$6-'Waiting Table'!G$3)^$C4 -> 509624.15 | H4: ='Breakeven Calculation'!$B$14*(1+'Breakeven Calculation'!$B$6-'Waiting Table'!H$3)^$C4 -> 509624.15 | I4: ='Breakeven Calculation'!$B$14*(1+'Breakeven Calculation'!$B$6-'Waiting Table'!I$3)^$C4 -> 509624.15 | J4: ='Breakeven Calculation'!$B$14*(1+'Breakeven Calculation'!$B$6-'Waiting Table'!J$3)^$C4 -> 509624.15
C5: 2 | D5: ='Breakeven Calculation'!$B$14*(1+'Breakeven Calculation'!$B$6-'Waiting Table'!D$3)^$C5 -> 662307.55 | E5: ='Breakeven Calculation'!$B$14*(1+'Breakeven Calculation'!$B$6-'Waiting Table'!E$3)^$C5 -> 633577.48 | F5: ='Breakeven Calculation'!$B$14*(1+'Breakeven Calculation'!$B$6-'Waiting Table'!F$3)^$C5 -> 605484.45 | G5: ='Breakeven Calculation'!$B$14*(1+'Breakeven Calculation'!$B$6-'Waiting Table'!G$3)^$C5 -> 594425.61 | H5: ='Breakeven Calculation'!$B$14*(1+'Breakeven Calculation'!$B$6-'Waiting Table'!H$3)^$C5 -> 583468.69 | I5: ='Breakeven Calculation'!$B$14*(1+'Breakeven Calculation'!$B$6-'Waiting Table'!I$3)^$C5 -> 572613.7 | J5: ='Breakeven Calculation'!$B$14*(1+'Breakeven Calculation'!$B$6-'Waiting Table'!J$3)^$C5 -> 561860.63
C6: 4 | D6: ='Breakeven Calculation'!$B$14*(1+'Breakeven Calculation'!$B$6-'Waiting Table'!D$3)^$C6 -> 860734.89 | E6: ='Breakeven Calculation'!$B$14*(1+'Breakeven Calculation'!$B$6-'Waiting Table'!E$3)^$C6 -> 787679.37 | F6: ='Breakeven Calculation'!$B$14*(1+'Breakeven Calculation'!$B$6-'Waiting Table'!F$3)^$C6 -> 719376.08 | G6: ='Breakeven Calculation'!$B$14*(1+'Breakeven Calculation'!$B$6-'Waiting Table'!G$3)^$C6 -> 693338.03 | H6: ='Breakeven Calculation'!$B$14*(1+'Breakeven Calculation'!$B$6-'Waiting Table'!H$3)^$C6 -> 668013.3 | I6: ='Breakeven Calculation'!$B$14*(1+'Breakeven Calculation'!$B$6-'Waiting Table'!I$3)^$C6 -> 643388.75 | J6: ='Breakeven Calculation'!$B$14*(1+'Breakeven Calculation'!$B$6-'Waiting Table'!J$3)^$C6 -> 619451.34
C7: 6 | D7: ='Breakeven Calculation'!$B$14*(1+'Breakeven Calculation'!$B$6-'Waiting Table'!D$3)^$C7 -> 1118611.1 | E7: ='Breakeven Calculation'!$B$14*(1+'Breakeven Calculation'!$B$6-'Waiting Table'!E$3)^$C7 -> 979262.68 | F7: ='Breakeven Calculation'!$B$14*(1+'Breakeven Calculation'!$B$6-'Waiting Table'!F$3)^$C7 -> 854690.72 | G7: ='Breakeven Calculation'!$B$14*(1+'Breakeven Calculation'!$B$6-'Waiting Table'!G$3)^$C7 -> 808709.48 | H7: ='Breakeven Calculation'!$B$14*(1+'Breakeven Calculation'!$B$6-'Waiting Table'!H$3)^$C7 -> 764808.43 | I7: ='Breakeven Calculation'!$B$14*(1+'Breakeven Calculation'!$B$6-'Waiting Table'!I$3)^$C7 -> 722911.6 | J7: ='Breakeven Calculation'!$B$14*(1+'Breakeven Calculation'!$B$6-'Waiting Table'!J$3)^$C7 -> 682945.1
C8: 8 | D8: ='Breakeven Calculation'!$B$14*(1+'Breakeven Calculation'!$B$6-'Waiting Table'!D$3)^$C8 -> 1453746.9 | E8: ='Breakeven Calculation'!$B$14*(1+'Breakeven Calculation'!$B$6-'Waiting Table'!E$3)^$C8 -> 1217443.8 | F8: ='Breakeven Calculation'!$B$14*(1+'Breakeven Calculation'!$B$6-'Waiting Table'!F$3)^$C8 -> 1015458 | G8: ='Breakeven Calculation'!$B$14*(1+'Breakeven Calculation'!$B$6-'Waiting Table'!G$3)^$C8 -> 943278.74 | H8: ='Breakeven Calculation'!$B$14*(1+'Breakeven Calculation'!$B$6-'Waiting Table'!H$3)^$C8 -> 875629.17 | I8: ='Breakeven Calculation'!$B$14*(1+'Breakeven Calculation'!$B$6-'Waiting Table'!I$3)^$C8 -> 812263.47 | J8: ='Breakeven Calculation'!$B$14*(1+'Breakeven Calculation'!$B$6-'Waiting Table'!J$3)^$C8 -> 752946.97
C9: 10 | D9: ='Breakeven Calculation'!$B$14*(1+'Breakeven Calculation'!$B$6-'Waiting Table'!D$3)^$C9 -> 1889289.5 | E9: ='Breakeven Calculation'!$B$14*(1+'Breakeven Calculation'!$B$6-'Waiting Table'!E$3)^$C9 -> 1513556.6 | F9: ='Breakeven Calculation'!$B$14*(1+'Breakeven Calculation'!$B$6-'Waiting Table'!F$3)^$C9 -> 1206465.7 | G9: ='Breakeven Calculation'!$B$14*(1+'Breakeven Calculation'!$B$6-'Waiting Table'!G$3)^$C9 -> 1100240.3 | H9: ='Breakeven Calculation'!$B$14*(1+'Breakeven Calculation'!$B$6-'Waiting Table'!H$3)^$C9 -> 1002507.8 | I9: ='Breakeven Calculation'!$B$14*(1+'Breakeven Calculation'!$B$6-'Waiting Table'!I$3)^$C9 -> 912659.24 | J9: ='Breakeven Calculation'!$B$14*(1+'Breakeven Calculation'!$B$6-'Waiting Table'!J$3)^$C9 -> 830124.04
C10: 15 | D10: ='Breakeven Calculation'!$B$14*(1+'Breakeven Calculation'!$B$6-'Waiting Table'!D$3)^$C10 -> 3637665.6 | E10: ='Breakeven Calculation'!$B$14*(1+'Breakeven Calculation'!$B$6-'Waiting Table'!E$3)^$C10 -> 2608392.9 | F10: ='Breakeven Calculation'!$B$14*(1+'Breakeven Calculation'!$B$6-'Waiting Table'!F$3)^$C10 -> 1856297 | G10: ='Breakeven Calculation'!$B$14*(1+'Breakeven Calculation'!$B$6-'Waiting Table'!G$3)^$C10 -> 1616614 | H10: ='Breakeven Calculation'!$B$14*(1+'Breakeven Calculation'!$B$6-'Waiting Table'!H$3)^$C10 -> 1406069.1 | I10: ='Breakeven Calculation'!$B$14*(1+'Breakeven Calculation'!$B$6-'Waiting Table'!I$3)^$C10 -> 1221343.9 | J10: ='Breakeven Calculation'!$B$14*(1+'Breakeven Calculation'!$B$6-'Waiting Table'!J$3)^$C10 -> 1059472
C11: 20 | D11: ='Breakeven Calculation'!$B$14*(1+'Breakeven Calculation'!$B$6-'Waiting Table'!D$3)^$C11 -> 7004014.3 | E11: ='Breakeven Calculation'!$B$14*(1+'Breakeven Calculation'!$B$6-'Waiting Table'!E$3)^$C11 -> 4495182.7 | F11: ='Breakeven Calculation'!$B$14*(1+'Breakeven Calculation'!$B$6-'Waiting Table'!F$3)^$C11 -> 2856143.1 | G11: ='Breakeven Calculation'!$B$14*(1+'Breakeven Calculation'!$B$6-'Waiting Table'!G$3)^$C11 -> 2375336.3 | H11: ='Breakeven Calculation'!$B$14*(1+'Breakeven Calculation'!$B$6-'Waiting Table'!H$3)^$C11 -> 1972084.7 | I11: ='Breakeven Calculation'!$B$14*(1+'Breakeven Calculation'!$B$6-'Waiting Table'!I$3)^$C11 -> 1634433.7 | J11: ='Breakeven Calculation'!$B$14*(1+'Breakeven Calculation'!$B$6-'Waiting Table'!J$3)^$C11 -> 1352184.6
